 Dungeon Crawl Stone Soup version 0.21.1-1-g345015f (webtiles) character file.

313 ninurtach the Magician (level 6, -8/44 HPs)
             Began as a Gnoll Wizard on May 15, 2018.
             Mangled by Menkaure (19 damage)
             ... on level 4 of the Dungeon.
             The game lasted 00:14:51 (7101 turns).

ninurtach the Magician (Gnoll Wizard)               Turns: 7101, Time: 00:14:53

Health: -8/44      AC:  3    Str: 14    XL:     6   Next: 43%
Magic:  2/16       EV: 15    Int: 22    God:
Gold:   174        SH:  0    Dex: 14    Spells: 8/19 levels left

rFire    . . .     SeeInvis .   e - +1 whip (drain)
rCold    . . .     Gourm    .   (no shield)
rNeg     . . .     Faith    .   a - +0 robe
rPois    .         Spirit   .   b - +0 hat
rElec    .         Reflect  .   (no cloak)
rCorr    .         Harm     .   t - +0 pair of gloves
MR       .....                  (no boots)
Stlth    +++.......             (no amulet)
HPRegen  0.14/turn              (no ring)
MPRegen  0.15/turn              (no ring)

@: mighty, about to teleport, very slightly contaminated
A: distributed training, fangs 1, strong nose
a: no special abilities


You were on level 4 of the Dungeon.
You were not hungry.

You visited 1 branch of the dungeon, and saw 4 of its levels.

You collected 174 gold pieces.

Inventory:

Hand Weapons
 e - a +1 whip of draining (weapon)
Armour
 a - a +0 robe (worn)
 b - a +0 hat (worn)
 k - a +0 buckler
 t - a +0 pair of gloves (worn)
Scrolls
 j - a scroll of magic mapping
 l - 3 scrolls of remove curse
 p - a scroll of teleportation
 q - a scroll of immolation {unknown}
 u - a scroll of enchant weapon {unknown}
Potions
 f - 2 potions of flight
 h - a potion of ambrosia
 i - 2 potions of cancellation
 n - a potion of berserk rage
 o - a potion of curing {unknown}
 r - a potion of brilliance {unknown}
 s - a potion of heal wounds {unknown}
Books
 c - a book of Minor Magic

   Spells                             Type                      Level
   a - Magic Dart                     Conjuration                  1
   b - Blink                          Translocation                2
   c - Call Imp                       Summoning                    2
   d - Slow                           Hexes                        2
   e - Conjure Flame                  Conjuration/Fire             3
   f - Mephitic Cloud                 Conjuration/Poison/Air       3
Comestibles
 d - 3 rations
 g - 2 chunks of flesh


   Skills:
 + Level 1.9 Fighting
 + Level 1.9 Short Blades
 + Level 1.9 Long Blades
 + Level 1.9 Axes
 + Level 1.9 Maces & Flails
 + Level 1.9 Polearms
 + Level 1.9 Staves
 + Level 1.9 Slings
 + Level 1.9 Bows
 + Level 1.9 Crossbows
 + Level 1.9 Throwing
 + Level 1.9 Armour
 + Level 5.0 Dodging
 + Level 4.6 Stealth
 + Level 1.9 Shields
 + Level 1.9 Unarmed Combat
 + Level 7.4 Spellcasting
 + Level 2.6 Conjurations
 + Level 1.5 Hexes
 + Level 1.5 Charms
 + Level 2.6 Summonings
 + Level 1.5 Necromancy
 + Level 2.6 Translocations
 + Level 1.5 Transmutations
 + Level 1.5 Fire Magic
 + Level 1.5 Ice Magic
 + Level 1.5 Air Magic
 + Level 1.5 Earth Magic
 + Level 1.5 Poison Magic
 + Level 2.1 Invocations
 + Level 1.9 Evocations


You had 8 spell levels left.
You knew the following spells:

 Your Spells              Type           Power        Failure   Level  Hunger
a - Magic Dart            Conj           ###.         2%          1    None
b - Blink                 Tloc           N/A          4%          2    None
c - Call Imp              Summ           ###.....     4%          2    None
d - Conjure Flame         Conj/Fire      ###.....     10%         3    None
e - Mephitic Cloud        Conj/Pois/Air  ###.....     11%         3    None


Dungeon Overview and Level Annotations

Branches:
Dungeon (4/15)
 Temple: D:4-7

Altars:
Kikubaaqudgha
Sif Muna
Uskayaw

Annotations:
D:4 Menkaure


Innate Abilities, Weirdness & Mutations

Your experience applies equally to all skills.
You have very sharp teeth.
Your uncanny sense of smell can sniff out nearby items.


Message History

The magic dart hits the iguana.
Menkaure calls on the powers of darkness!
The iguana convulses!
Your body is wracked with pain!
The iguana barely misses you.
Your shadow imp hits Menkaure but does no damage.
Your crimson imp hits Menkaure.
You take 14 damage, and have 17/44 hp.
MASSIVE DAMAGE!!
You now have 1/16 mp.
Spoiler Alert: Menkaure can cast Torment!
Menkaure barely misses your shadow imp.
Your crimson imp barely misses Menkaure.
The iguana bites you.
* * * LOW HITPOINT WARNING * * *
Your crimson imp hits Menkaure but does no damage.
You take 6 damage, and have 11/44 hp.
Spoiler Alert: Menkaure can cast Torment!
Okay, then.
You don't have enough magic to cast that spell.
As you read the scroll of teleportation, it crumbles to dust.
You feel strangely unstable. Menkaure hits you!!
You die...

.,,,......+..........#...........
#****#....#........#.#...........
# #....#....(...#.#l.......... #
#.............#.#.........., #
#.............#............, #
#.............##.##....##### #
#............5##.##.........
######...........M5..........###.
.....'..........@l...........###.
######...##........###.#...÷.....
#.#######.#######.#..[......
#...Z.............#........#
#..####.....####..#........#
#..#∆,##...##,∆#..#$.?.....#
#..#,,,##.##,,,#..#........#
#..#*,,,#.#,,,##...........#
#...**,+#.#+,##...#........#


You could see Menkaure, an iguana, a friendly crimson imp and a friendly shadow
imp.

Vanquished Creatures
  An orc wizard (D:3)
  A bullfrog skeleton (D:4)
  A worker ant (D:3)
  The ghost of p0werm0de the Caller, a weakling GnSu (D:3)
  5 adders
  3 worms
  2 dart slugs
  5 leopard geckos
  3 orcs
  A ball python (D:1)
  2 bat zombies (D:3)
  3 giant cockroaches (D:3)
  8 goblins
  6 hobgoblins
  2 jackals (D:2)
  6 kobolds
  A quokka (D:3)
  6 bats
  2 frilled lizards (D:3)
  9 rats
  5 rat zombies (D:3)
73 creatures vanquished.

Vanquished Creatures (collateral kills)
  2 scorpions (D:4)
  An adder (D:3)
  2 jackals (D:2)
5 creatures vanquished.

Grand Total: 78 creatures vanquished

Notes
Turn   | Place    | Note
-------+----------+-------------------------------------------
     0 | D:1      | ninurtach the Gnoll Wizard began the quest for the Orb.
     0 | D:1      | Reached XP level 1. HP: 13/13 MP: 8/8
   268 | D:1      | Reached XP level 2. HP: 19/19 MP: 7/10
   274 | D:1      | Learned a level 2 spell: Blink
   277 | D:1      | Learned a level 2 spell: Call Imp
   725 | D:1      | Reached XP level 3. HP: 14/25 MP: 2/11
  1428 | D:1      | Learned a level 3 spell: Conjure Flame
  1432 | D:1      | Learned a level 3 spell: Mephitic Cloud
  1640 | D:2      | Reached skill level 1 in Invocations
  2573 | D:2      | Reached skill level 1 in Fighting
  2573 | D:2      | Reached skill level 1 in Short Blades
  2573 | D:2      | Reached skill level 1 in Long Blades
  2573 | D:2      | Reached skill level 1 in Axes
  2573 | D:2      | Reached skill level 1 in Maces & Flails
  2573 | D:2      | Reached skill level 1 in Polearms
  2573 | D:2      | Reached skill level 1 in Staves
  2573 | D:2      | Reached skill level 1 in Slings
  2573 | D:2      | Reached skill level 1 in Bows
  2573 | D:2      | Reached skill level 1 in Crossbows
  2573 | D:2      | Reached skill level 1 in Throwing
  2573 | D:2      | Reached skill level 1 in Armour
  2573 | D:2      | Reached skill level 1 in Shields
  2573 | D:2      | Reached skill level 1 in Unarmed Combat
  2573 | D:2      | Reached skill level 1 in Evocations
  2813 | D:2      | Reached XP level 4. HP: 32/32 MP: 10/13
  3199 | D:3      | Found a deep blue altar of Sif Muna.
  3493 | D:3      | Reached skill level 1 in Hexes
  3493 | D:3      | Reached skill level 1 in Charms
  3493 | D:3      | Reached skill level 1 in Necromancy
  3493 | D:3      | Reached skill level 1 in Transmutations
  3493 | D:3      | Reached skill level 1 in Fire Magic
  3493 | D:3      | Reached skill level 1 in Ice Magic
  3493 | D:3      | Reached skill level 1 in Air Magic
  3493 | D:3      | Reached skill level 1 in Earth Magic
  3493 | D:3      | Reached skill level 1 in Poison Magic
  4001 | D:3      | Reached XP level 5. HP: 37/37 MP: 9/14
  4556 | D:3      | Noticed p0werm0de's ghost (weakling GnSu)
  4568 | D:3      | Killed p0werm0de's ghost
  5545 | D:3      | Found an ancient bone altar of Kikubaaqudgha.
  5786 | D:3      | Noticed a dagger
  5786 | D:3      | Noticed a hand axe
  5787 | D:3      | Found a hide-covered altar of Uskayaw.
  6252 | D:4      | Noticed Menkaure
  6452 | D:3      | Reached XP level 6. HP: 37/44 MP: 8/16
  7086 | D:4      | Reached skill level 5 in Dodging
  7101 | D:4      | Mangled by Menkaure

Skill      XL: |  1  2  3  4  5  6 |
---------------+-------------------+-----
Conjurations   | 2 |  2.6
Summonings     | 2 |  2.6
Translocations | 2 |  2.6
Invocations    | 1 2 |  2.1
Fighting       | 1 |  1.9
Short Blades   | 1 |  1.9
Long Blades    | 1 |  1.9
Axes           | 1 |  1.9
Maces & Flails | 1 |  1.9
Polearms       | 1 |  1.9
Staves         | 1 |  1.9
Slings         | 1 |  1.9
Bows           | 1 |  1.9
Crossbows      | 1 |  1.9
Throwing       | 1 |  1.9
Armour         | 1 |  1.9
Shields        | 1 |  1.9
Unarmed Combat | 1 |  1.9
Evocations     | 1 |  1.9
Hexes          | 1 |  1.5
Charms         | 1 |  1.5
Necromancy     | 1 |  1.5
Transmutations | 1 |  1.5
Fire Magic     | 1 |  1.5
Ice Magic      | 1 |  1.5
Air Magic      | 1 |  1.5
Earth Magic    | 1 |  1.5
Poison Magic   | 1 |  1.5
Dodging        | 5 |  5.0
Stealth        | |  4.6
Spellcasting   | |  7.4

Action                   |  1- 3 |  4- 6 || total
-------------------------+-------+-------++-------
Melee: Unarmed           |     3 |       ||     3
       Whip              |     7 |    26 ||    33
       Bite              |       |     1 ||     1
 Cast: Magic Dart        |    78 |   154 ||   232
       Call Imp          |     2 |     8 ||    10
       Blink             |       |     3 ||     3
       Conjure Flame     |       |     1 ||     1
  Use: Scroll            |       |     9 ||     9
       Potion            |       |     2 ||     2
 Stab: Distracted        |       |     1 ||     1
  Eat: Chunk             |     6 |     6 ||    12
       Ration            |       |     2 ||     2
Armor: Robe              |     2 |     9 ||    11
Dodge: Dodged            |    16 |    82 ||    98
